 Dungeon Crawl Stone Soup version 0.28-b1-1-g3c77fb2ed1 (webtiles) character file.

Game seed: 1935379002233082395

45068 belegose the Jinx (level 14, -12/88 HPs)
             Began as a Gargoyle Enchanter on Jan 30, 2022.
             Was a Follower of Ashenzari.
             Killed by divine providence
             ... invoked by a meliai
              (15 damage)
             ... on level 13 of the Dungeon.
             The game lasted 01:54:54 (24017 turns).

belegose the Jinx (Gargoyle Enchanter)             Turns: 24017, Time: 01:54:55

Health: -12/88     AC: 21    Str: 18    XL:     14   Next: 31%
Magic:  0/23       EV: 12    Int: 23    God:    Ashenzari [*.....]
Gold:   1554       SH:  6    Dex: 10    Spells: 8/25 levels left

rFire   + . .      SeeInvis .   a - +10 dagger of Okawaru's Condemnation {vamp, *Slow rPois rC+ Str+4}
rCold   + . .      Faith    .   s - +2 buckler "Burden of Ashenzari" {Bglg, Cun} (curse)
rNeg    + . .      Spirit   +   w - +1 robe of Raoram {rF+ Int+4 Slay+6}
rPois   ∞          Reflect  .   K - +1 hat "Shattered With Me" {Bglg, Self} (curse)
rElec   +          Harm     .   z - scarf {repulsion}
rCorr   .          Rampage  .   O - +0 pair of gloves
Will    +....                   v - +0 pair of boots
Stlth   +++++.....              L - amulet of guardian spirit
HPRegen 0.24/turn               U - +4 ring of slaying
MPRegen 0.18/turn               X - +4 ring of protection

@: flying, slowed, repel missiles, very slow
A: sickness immunity, AC +10, big wings, negative energy resistance 1,
electricity resistance, torment resistance 1, petrification resistance
a: Renounce Religion, Curse Item, Shatter the Chains


You were on level 13 of the Dungeon.
You worshipped Ashenzari.
Ashenzari was aware of your devotion.
You visited 3 branches of the dungeon, and saw 20 of its levels.
You also visited: Sewer and Ice Cave.

You collected 1593 gold pieces.
You spent 39 gold pieces at shops.

Inventory:

Hand Weapons
 a - the +10 dagger of Okawaru's Condemnation (weapon) {vamp, *Slow rPois rC+ Str+4}
   (You found it on level 5 of the Dungeon)

   It occasionally heals its wielder for a portion of the damage dealt when it
   wounds a living foe.
   Str:       It affects your strength (+4).
   rC:        It protects you from cold.
   rPois:     It protects you from poison.
   *Slow:     It may slow you when you take damage.
 r - a +1 vorpal scimitar
 E - a +0 hand crossbow
 Q - a +2 dagger of venom
Missiles
 d - 436 stones (quivered)
 t - 5 boomerangs
 A - 103 bolts
 C - 72 poisoned darts
Armour
 o - a +2 robe of willpower
 s - the cursed +2 buckler "Burden of Ashenzari" (worn) {Bglg, Cun}
   (You found it on level 3 of the Dungeon)

   It has a curse which improves the following skills: Beguiling: Conjurations,
   Hexes and Translocations.
   Cunning:   Dodging and Stealth.
 v - a +0 pair of boots (worn)
 w - the +1 robe of Raoram (worn) {rF+ Int+4 Slay+6}
   (You found it on level 7 of the Dungeon)

   Int:       It affects your intelligence (+4).
   Slay:      It affects your accuracy & damage with ranged weapons and melee
   (+6).
   rF:        It protects you from fire.
 z - a scarf of repulsion (worn)
 K - the cursed +1 hat "Shattered With Me" (worn) {Bglg, Self}
   (You found it on level 6 of the Dungeon)

   It has a curse which improves the following skills: Beguiling: Conjurations,
   Hexes and Translocations.
   Introspection: Fighting and Spellcasting.
 O - a +0 pair of gloves (worn)
 T - +0 acid dragon scales
Magical Staves
 y - a staff of fire
Jewellery
 L - an amulet of guardian spirit (around neck)
 R - a ring of fire
 U - a +4 ring of slaying (left hand)
 V - a ring of flight
 W - a ring of resist corrosion
 X - a +4 ring of protection (right hand)
 Y - a ring of fire
Wands
 x - a wand of polymorph (11)
 J - a wand of acid (7)
Scrolls
 b - 4 scrolls of amnesia
 e - 2 scrolls of holy word
 f - 3 scrolls of summoning
 g - 9 scrolls of teleportation
 h - a scroll of fog
 l - 2 scrolls of enchant armour
 n - a scroll of vulnerability
 q - 2 scrolls of blinking
 u - 2 scrolls of fear
 N - a scroll of magic mapping
Potions
 c - a potion of invisibility
 j - a potion of resistance
 k - 3 potions of lignification
 m - 4 potions of ambrosia
 p - 5 potions of flight
 B - 10 potions of curing
 F - a potion of heal wounds
 I - 4 potions of brilliance
 M - 2 potions of berserk rage
 P - a potion of haste
 S - 4 potions of mutation
Miscellaneous
 i - a lightning rod (4/4)
 D - a phantom mirror


   Skills:
 - Level 9.1(10.0) Fighting
 - Level 7.0 Short Blades
 - Level 6.0 Armour
 - Level 4.2(5.0) Dodging
 - Level 11.1(12.0) Stealth
 - Level 4.0 Shields
 - Level 5.1(6.0) Spellcasting
 + Level 6.7(8.0) Conjurations
 - Level 12.7(14.0) Hexes
 + Level 4.4 Summonings
 - Level 3.8(5.1) Translocations
 - Level 6.5 Ice Magic
 + Level 1.4 Evocations


You had 8 spell levels left.
You knew the following spells:

 Your Spells              Type           Power      Damage    Failure   Level
a - Ensorcelled Hibernat  Hex/Ice        100%       N/A       1%          2
b - Tukima's Dance        Hex            64%        N/A       1%          3
c - Dazzling Flash        Conj/Hex       100%       N/A       1%          3
d - Fulminant Prism       Conj/Hex       27%        3d14      1%          4
e - Summon Mana Viper     Hex/Summ       49%        N/A       7%          5

Your spell library contained the following spells:

 Spells                   Type           Power      Damage    Failure   Level
 Magic Dart               Conj           100%       1d8       1%          1
 Slow                     Hex            100%       N/A       1%          1
 Searing Ray              Conj           88%        2d7       1%          2
 Confusing Touch          Hex            64%        N/A       1%          3
 Portal Projectile        Hex/Tloc       100%       N/A       1%          3
 Anguish                  Hex/Necr       19%        N/A       6%          4
 Iskenderun's Mystic Bla  Conj/Tloc      37%        2d9       7%          4
 Silence                  Hex/Air        19%        N/A       17%         5
 Spider Form              Tmut/Pois      6%         N/A       32%         3
 Vampiric Draining        Necr           6%         2d6       32%         3
 Summon Forest            Summ/Tloc      14%        N/A       38%         5
 Summon Cactus Giant      Summ           13%        N/A       95%         6
 Agony                    Necr           6%         N/A       96%         5
 Blade Hands              Tmut           3%         N/A       96%         5
 Excruciating Wounds      Necr           3%         N/A       96%         5
 Starburst                Conj/Fire      12%        6d5       97%         6


Dungeon Overview and Level Annotations

Branches:
Dungeon (13/15)            Temple (1/1) D:5            Lair (6/6) D:11
 Shoals (0/4) Lair:3       Spider (0/4) Lair:2        Slime (0/5) Lair:5
    Orc (0/2) D:10          Sewer (visited)           IceCv (visited)
 Vaults: D:13-14

Altars:
Ashenzari
Cheibriados
Dithmenos
Elyvilon
Fedhas
Gozag
Hepliaklqana
Kikubaaqudgha
Makhleb
Nemelex Xobeh
Okawaru
Ru
Sif Muna
Uskayaw
Wu Jian
Xom
Yredelemnul
Zin
The Shining One
Beogh
Jiyva

Shops:
D:1 !   D:5 (!

Portals:
Gauntlet: D:13

Annotations:
D:6 exclusion: door
Lair:2 1 runed translucent door, exclusion: door, Lutefisk's ghost, journeyman OgCA
Lair:4 1 runed translucent door, exclusion: door, AlmostDecent's ghost, journeyman GrFi


Innate Abilities, Weirdness & Mutations

You are immune to sickness and miasma.
Your stone body is resilient. (AC +10)
You are immune to poison.
Your large and strong wings let you fly.
You resist negative energy. (rN+)
You are resistant to electric shocks. (rElec)
You are resistant to unholy torment.
You are immune to petrification.


Message History

The meliai stings you but does no damage.
The meliai hits you but does no damage. The meliai barely misses you.
Casting: Ensorcelled Hibernation (safe; 1% risk of failure)
Confirm with . or Enter, or press ? or * to list all spells.
Aiming: Ensorcelled Hibernation (safe; 1% risk of failure)
Press: ? - help, Shift-Dir - straight line, f/p - meliai
Aim: a meliai, wielding a +0 hand axe and wearing a +0 robe (chance to affect: 71%)
The meliai struggles to resist.
The meliai hits you with a +0 hand axe. The meliai closely misses you.
The meliai invokes the aid of its god against you.
Something smites you!
* * * LOW HITPOINT WARNING * * *
The meliai hits you but does no damage. The meliai stings you!
* * * LOW HITPOINT WARNING * * *
The meliai closely misses you. You block the meliai's attack. x2
The meliai barely misses you. The meliai misses you.
The meliai completely misses you.
Unknown command.
Okay, then.
Okay, then.
You feel much better. The meliai hits you with a +0 hand axe!
* * * LOW HITPOINT WARNING * * *
You block the meliai's attack.
The meliai hits you with a +0 broad axe.
* * * LOW HITPOINT WARNING * * *
The meliai stings you. You block the meliai's attack.
The meliai stings you but does no damage.
The meliai barely misses you. The meliai misses you.
The meliai hits you with a +0 hand axe!
* * * LOW HITPOINT WARNING * * *
The meliai stings you.
* * * LOW HITPOINT WARNING * * *
The meliai misses you.
The meliai stings you but does no damage.
The meliai hits you with a +0 hand axe.
* * * LOW HITPOINT WARNING * * *
The meliai stings you but does no damage.
The meliai calls down the wrath of its god upon you.
Something smites you!
You die...

*** *,,,,,,,,,,,,,,,,,,,,,,,,,,,
******,,,,,,,**+**....#*******,,,
*,,,,,,,,..,,*,,,#....#,,,,,,*,,,
*********...,*,,,#....#,,,,,,*,,,
+,,,*,,,*....*,,,#....#,,,,,,*,,,
*,,,,,,,*....#####...#*,,,,,,**,,
*,*,∩,*,*.........>..#,,,,,,,,*..
*,,,,,,,*............#,,,,,,,,#..
*,,,*,,,*......)@....#,,,,,####..
*******,*.......yy...+,,,,,#.....
,,,,,,*,*............#,,,,,#.....
,,,,,,***............#######.....
,,,,,,,,,........................
,,,,,,,,,........................
,,,,,,,,,..............########..
,,******,.#+######+#...#,,,,,,#..
,,*,,,,*,,*,,,,,,,,#...#,,,,,,#..


You could see 2 meliai.

Vanquished Creatures
  An ice dragon (IceCv)
  9 hydras
  A centaur warrior (D:11)
  4 death yaks (Lair:4)
  3 two-headed ogres
  A deep elf pyromancer (D:9)
  2 ugly things (D:12)
  An orc knight (D:11)
  A manticore (D:11)
  2 ice statues (IceCv)
  2 elephants (Lair:5)
  A black mamba (Lair:3)
  Joseph (D:10)
  12 cane toads
  6 rime drakes
  10 komodo dragons
  2 unseen horrors
  2 kobold demonologists
  5 trolls
  A meliai (D:13)
  3 polar bears
  6 slime creatures (D:12)
  7 blink frogs
  A snapping turtle (Lair:3)
  7 dream sheep (Lair:5)
  A culicivora (Lair:2)
  2 shadows
  A spriggan (Lair:4)
  3 wraiths (D:12)
  3 wyverns
  3 basilisks
  37 yaks
  3 vampire mosquitoes (D:10)
  2 steam dragons
  Menkaure (D:5)
  An acid dragon (D:9)
  8 water moccasins
  An ice beast (D:5)
  2 black bears
  7 orc warriors
  2 sky beasts
  4 necrophages
  3 ogres
  10 wolves
  2 centaurs
  2 phantoms (D:10)
  5 kobold brigands
  Blork the orc (D:5)
  9 bullfrogs
  A scorpion (D:6)
  A water moccasin zombie (D:5)
  A wyvern zombie (D:9)
  3 troll zombies (D:10)
  3 lindwurm simulacra (IceCv)
  3 killer bees (D:8)
  A vampire bat (Lair:4)
  6 howler monkeys
  9 electric eels
  3 centaur zombies
  4 hounds
  4 komodo dragon simulacra (IceCv)
  3 jellies
  5 orc priests
  A centaur skeleton (D:7)
  A gnoll shaman (D:8)
  A bullfrog skeleton (D:5)
  Jessica (D:2)
  4 iguanas
  10 orc wizards
  5 ogre zombies (D:10)
  A howler monkey zombie (D:9)
  3 gnolls (D:8)
  9 acid dragon simulacra (IceCv)
  7 adders
  A shadow imp (D:6)
  13 white imps
  5 steam dragon simulacra (IceCv)
  2 worms
  4 dart slugs
  34 orcs
  2 ball pythons
  13 bats
  7 endoplasms
  4 giant cockroaches
  4 goblins
  4 hobgoblins
  3 jackals
  6 quokkas
  A goblin zombie (D:10)
  6 hobgoblin zombies (D:10)
  17 kobolds
  7 orc skeletons (D:10)
  11 orc zombies (D:10)
  10 rats
448 creatures vanquished.

Vanquished Creatures (collateral kills)
  3 orc warriors (D:11)
  A gnoll (D:8)
  2 orcs (D:11)
6 creatures vanquished.

Vanquished Creatures (others)
  6 dancing weapons
  5 fungi
  17 plants
28 creatures vanquished.

Grand Total: 482 creatures vanquished

Notes
Turn   | Place    | Note
-------+----------+-------------------------------------------
     0 | D:1      | belegose the Gargoyle Enchanter began the quest for the
                  | Orb.
     0 | D:1      | Reached XP level 1. HP: 10/10 MP: 3/3
    17 | D:1      | Found a faded altar of an unknown god.
    62 | D:1      | Reached skill level 1 in Short Blades
   293 | D:1      | Reached XP level 2. HP: 16/16 MP: 5/5
   296 | D:1      | Learned a level 2 spell: Ensorcelled Hibernation
   505 | D:1      | Found Urrip's Distillery.
  1246 | D:2      | Noticed Jessica
  1290 | D:2      | Killed Jessica
  1291 | D:2      | Reached skill level 1 in Fighting
  1291 | D:2      | Reached skill level 3 in Hexes
  1291 | D:2      | Reached XP level 3. HP: 20/20 MP: 6/6
  1660 | D:2      | Reached XP level 4. HP: 5/25 MP: 0/7
  1931 | D:2      | Reached skill level 1 in Ice Magic
  2841 | D:3      | Found a sacrificial altar of Ru.
  3835 | D:3      | Reached XP level 5. HP: 18/29 MP: 5/9
  4019 | D:3      | Reached skill level 1 in Shields
  4190 | D:3      | Reached XP level 6. HP: 34/34 MP: 5/10
  5178 | D:5      | Entered Level 5 of the Dungeon
  5199 | D:5      | Reached XP level 7. HP: 38/38 MP: 11/11
  5203 | D:5      | Found a staircase to the Ecumenical Temple.
  5234 | D:5      | Noticed Menkaure
  5382 | D:5      | Found Kiti's Distillery.
  5408 | D:5      | Bought a potion of curing for 39 gold pieces
  5488 | Temple   | Entered the Ecumenical Temple
  5582 | Temple   | Became a worshipper of Ashenzari the Shackled
  5654 | D:5      | Reached skill level 5 in Stealth
  5657 | D:5      | Found a glowing drain.
  5698 | Sewer    | Entered a sewer
  6015 | Sewer    | Reached skill level 4 in Hexes
  6051 | Sewer    | Found a glowing silver altar of Zin.
  6537 | D:5      | Identified the +10 dagger of Okawaru's Condemnation {vamp,
                  | *Slow rPois rC+ Str+4}
  6642 | D:5      | Reached XP level 8. HP: 45/45 MP: 13/13
  6676 | D:5      | Noticed Blork the orc
  6682 | D:5      | Learned a level 3 spell: Tukima's Dance
  6703 | D:5      | Killed Blork the orc
  6901 | D:5      | Found Nalociq's Hydra Hut.
  6902 | D:5      | Noticed a six-headed hydra
  6948 | D:5      | Killed Menkaure
  7715 | D:6      | Found a blossoming altar of Fedhas.
  7868 | D:6      | Reached * piety under Ashenzari
  8046 | D:7      | Reached XP level 9. HP: 52/52 MP: 16/16
  8383 | D:7      | Identified the +1 robe of Raoram {rF+ Int+4 Slay+6}
  8563 | D:7      | Reached skill level 5 in Ice Magic
  9272 | D:7      | Reached skill level 5 in Fighting
  9831 | D:8      | Found a shadowy altar of Dithmenos.
  9833 | D:8      | Found a basalt altar of Yredelemnul.
  9836 | D:8      | Found an ornate altar of the Wu Jian Council.
 10354 | D:9      | Noticed a kobold demonologist
 10398 | D:9      | Noticed Maurice
 10437 | D:9      | Noticed Maurice
 10437 | D:9      | Maurice changed into Maurice the centaur
 10442 | D:9      | Killed Maurice the centaur
 10443 | D:9      | Reached skill level 5 in Short Blades
 10592 | D:8      | Reached XP level 10. HP: 58/60 MP: 17/17
 10740 | D:8      | Killed a kobold demonologist
 10757 | D:8      | Identified the cursed +1 hat "Shattered With Me" {Bglg,
                  | Self} (You found it on level 6 of the Dungeon)
 10757 | D:8      | Identified the cursed +2 buckler "Burden of Ashenzari"
                  | {Bglg, Cun} (You found it on level 3 of the Dungeon)
 11684 | D:9      | Noticed a deep elf pyromancer
 11701 | D:9      | Killed a deep elf pyromancer
 11702 | D:9      | Reached skill level 1 in Armour
 11848 | D:10     | Entered Level 10 of the Dungeon
 11870 | D:10     | Noticed Joseph
 11880 | D:10     | Killed Joseph
 11977 | D:10     | Found a staircase to the Orcish Mines.
 11981 | D:10     | Noticed a kobold demonologist
 12042 | D:10     | Noticed a two-headed ogre
 12042 | D:10     | Found a glowing silver altar of Zin.
 12142 | D:10     | HP: 1/63 [two-headed ogre (16)]
 12476 | D:10     | Reached skill level 5 in Spellcasting
 12765 | D:9      | Reached XP level 11. HP: 67/67 MP: 11/20
 13004 | D:10     | Reached skill level 5 in Hexes
 13507 | D:10     | Reached skill level 5 in Armour
 13507 | D:10     | Reached skill level 1 in Conjurations
 13973 | D:10     | Killed a two-headed ogre
 13974 | D:10     | Reached skill level 6 in Hexes
 14015 | D:11     | Noticed a centaur warrior
 14072 | D:11     | Killed a centaur warrior
 14113 | D:11     | Noticed a manticore
 14113 | D:11     | Noticed a two-headed ogre
 14114 | D:11     | Killed a two-headed ogre
 14117 | D:11     | Killed a manticore
 14255 | D:11     | Found a staircase to the Lair.
 14508 | D:11     | Noticed an orc knight
 14521 | D:11     | Reached XP level 12. HP: 77/77 MP: 19/21
 14532 | D:11     | Reached skill level 7 in Hexes
 14602 | D:11     | Reached skill level 10 in Stealth
 14920 | D:11     | Noticed a seven-headed hydra
 14925 | D:11     | Killed a seven-headed hydra
 14985 | D:11     | Learned a level 3 spell: Dazzling Flash
 15021 | Lair:1   | Entered Level 1 of the Lair of Beasts
 15099 | Lair:1   | Identified the +6 trident of the Devouring Hawk {vorpal,
                  | Fragile Str+2 Int+2}
 15319 | Lair:1   | Reached skill level 8 in Hexes
 16010 | Lair:2   | Found a runed translucent door.
 16249 | Lair:2   | Reached skill level 9 in Hexes
 16342 | Lair:2   | Found a hole to the Spider Nest.
 16376 | Lair:2   | Noticed Lutefisk's ghost (journeyman OgCA)
 17186 | Lair:3   | Reached skill level 10 in Hexes
 17202 | Lair:3   | Found a frozen archway.
 17249 | IceCv    | Entered an ice cave
 18206 | IceCv    | Noticed an ice dragon
 18249 | IceCv    | Reached XP level 13. HP: 72/82 MP: 16/22
 18384 | IceCv    | Killed an ice dragon
 18385 | IceCv    | Reached skill level 11 in Hexes
 19511 | Lair:3   | Reached skill level 12 in Hexes
 19752 | Lair:3   | Found a staircase to the Shoals.
 20761 | Lair:4   | Reached skill level 1 in Translocations
 20920 | Lair:4   | Found a runed translucent door.
 20921 | Lair:4   | Found a shimmering altar of Xom.
 20921 | Lair:4   | Noticed AlmostDecent's ghost (journeyman GrFi)
 20921 | Lair:4   | Identified the +6 hunting sling "Bury Joghy" {freeze,
                  | +Blink rPois Stlth+}
 21386 | Lair:5   | Identified a scroll of acquirement
 21396 | Lair:5   | Acquired a book of Conjurations
 21403 | Lair:5   | Learned a level 4 spell: Fulminant Prism
 21414 | Lair:5   | Found a staircase to the Slime Pits.
 21415 | Lair:5   | Found a viscous altar of Jiyva.
 21649 | Lair:5   | Learned a level 5 spell: Summon Mana Viper
 21950 | Lair:6   | Entered Level 6 of the Lair of Beasts
 21994 | Lair:5   | Reached skill level 1 in Summonings
 22232 | Lair:6   | Gained mutation: Your large and strong wings let you fly.
                  | [Gargoyle growth]
 22232 | Lair:6   | Reached XP level 14. HP: 88/88 MP: 23/23
 22712 | D:12     | Reached skill level 5 in Conjurations
 23754 | D:12     | Reached skill level 1 in Evocations
 24000 | D:13     | Found a gate leading to a gauntlet.
 24017 | D:13     | HP: 3/88 [meliai (3)]
 24017 | D:13     | Killed from afar by a meliai

Illustrated notes

Levels and vault maps discovered:
D:1:      dpeg_arrival_ratfight, layout_loops_ring, serial_shops, shop,
          basic_ecumenical_altar
D:2:      layout_basic, uniq_jessica
D:3:      layout_loops_ring, mainiacjoe_overflow_brackets,
          nicolae_overflow_hidden_temple, minmay_misc_feat_columns
D:4:      layout_rooms, minmay_a_box_with_orc_wizards_in_it
D:5:      layout_gridville, minmay_temple_entry_tees, gup_sewer_entry_pipe,
          serial_shops, nicolae_shop_waterfront, doesnt_shop_hydraphobe,
          uniq_menkaure, uniq_blork_the_orc
D:6:      layout_cave_pools, pf_just_have_faith, serial_park_tiny_2,
          chequers_arboretum, minmay_ogre_servants
D:7:      layout_loops_corners, serial_bayou_ford_a, kennysheep_boxes
D:8:      layout_loops_ring, minmay_overflow_temple_star_quad,
          kennysheep_crisscross
D:9:      layout_cave_pools, uniq_maurice
D:10:     layout_cross, amcnicky_altar_gilded, zombieorc2_lemuel, uniq_joseph
D:11:     layout_roguey [special_room_orc], david_lair_generic,
          kennysheep_generic_room_15
D:12:     layout_basic
D:13:     layout_irregular_city, serial_shops, nicolae_shop_stone,
          gauntlet_entry_generic, hangedman_decor_growths,
          minmay_tree_intersection
Temple:   dshaligram_water_room_temple
Lair:1:   layout_hall_layers
Lair:2:   layout_loops_ring, hellmonk_spider_entry_life_and_decay,
          hellmonk_ghost_happy_afterlife, nicolae_quartered_pool_super,
          chequers_serial_rivers_large_b
Lair:3:   layout_roguey, minmay_shoals_entry_hut, portal_ice_cave_entry_imps,
          chequers_serial_rivers_large_a
Lair:4:   layout_roguey, ebering_ghost_xom, roderic_batcave,
          grunt_forest_stairs_clearing
Lair:5:   layout_misc_corridors, slime_altar_1, grunt_megastairs_5,
          serial_bayou_shore_b
Lair:6:   hangedman_lair_caniforms_friends, layout_gridlike,
          hangedman_lair_in_review, minivault_11, lemuel_fruit_tree,
          infiniplex_staircase_pool, serial_bayou_shore_b

Skill      XL: |  1  2  3  4  5  6  7  8  9 10 11 12 13 14 |
---------------+-------------------------------------------+-----
Short Blades   | 1 2 3 5 6 7 |  7.0
Fighting       | 1 2 3 5 6 8 9 |  9.1
Hexes          | 3 4 6 10 12 | 12.7
Ice Magic      | 1 2 3 4 6 |  6.5
Stealth        | 4 5 6 8 9 11 | 11.1
Shields        | 1 2 3 4 |  4.0
Spellcasting   | 3 4 5 |  5.1
Dodging        | 2 4 |  4.2
Armour         | 3 5 6 |  6.0
Conjurations   | 4 6 |  6.7
Translocations | 3 |  3.8
Summonings     | 2 4 |  4.4
Evocations     | 1 |  1.4

Action                   |  1- 3 |  4- 6 |  7- 9 | 10-12 | 13-15 || total
-------------------------+-------+-------+-------+-------+-------++-------
Melee: Dagger            |    61 |   201 |   172 |   595 |   436 ||  1465
       Hand axe          |       |       |    70 |       |       ||    70
       Unarmed           |       |       |       |     3 |       ||     3
 Fire: Hunting sling     |     9 |    19 |    41 |       |       ||    69
Throw: Dart              |       |       |     3 |    11 |       ||    14
       Stone             |       |       |       |     1 |     5 ||     6
 Cast: Ensorcelled Hiber |     6 |    28 |    14 |    39 |    38 ||   125
       Tukima's Dance    |       |       |    12 |    17 |       ||    29
       Dazzling Flash    |       |       |       |       |     2 ||     2
Invok: Curse Item        |       |       |     2 |       |       ||     2
Evoke: Wand              |       |       |     1 |     4 |     3 ||     8
  Use: Potion            |     2 |     4 |       |     1 |     1 ||     8
       Scroll            |       |       |       |     1 |     2 ||     3
 Stab: Sleeping          |     3 |    20 |    22 |    36 |    26 ||   107
       Invisible         |       |     1 |       |       |       ||     1
       Distracted        |       |       |     3 |     1 |     1 ||     5
Armor: Robe              |    21 |    49 |    67 |   130 |   220 ||   487
       Skin              |       |    13 |       |       |       ||    13
Dodge: Dodged            |    32 |   107 |   101 |   219 |   222 ||   681
       Repelled          |       |       |       |    12 |     2 ||    14
Block: Buckler           |       |    44 |    82 |   128 |   105 ||   359
